 Dungeon Crawl Stone Soup version 0.27-a0-1202-ge72e49191c (webtiles) character file.

Game seed: 5135244402266108718

366 porpoise the Ruffian (level 6, -2/55 HPs)
             Began as a Troll Hunter on June 3, 2021.
             Slain by a killer bee (3 damage)
             ... on level 4 of the Dungeon.
             The game lasted 00:07:18 (3129 turns).

porpoise the Ruffian (Troll Hunter)                 Turns: 3129, Time: 00:07:20

Health: -2/55      AC:  6    Str: 21    XL:     6   Next: 40%
Magic:  5/5        EV: 10    Int:  7    God:
Gold:   140        SH:  0    Dex: 12    Spells: 3/5 levels left

rFire    . . .     SeeInvis .     - Unarmed
rCold    . . .     Faith    .   (no shield)
rNeg     . . .     Spirit   .   o - +0 robe
rPois    .         Reflect  .   (helmet restricted)
rElec    .         Harm     .   h - +1 cloak
rCorr    .         Rampage  .   (gloves unavailable)
Will     .....                  (boots unavailable)
Stlth    +.........             (no amulet)
HPRegen  1.18/turn              (no ring)
MPRegen  0.09/turn              (no ring)

@: lethally poisoned (-2 -> -6), flying
A: large, unfitting armour, claws 3, regeneration 1, shaggy fur 1, tough skin 1
a: no special abilities


You were on level 4 of the Dungeon.
You visited 1 branch of the dungeon, and saw 4 of its levels.
You also visited: Sewer.

You collected 140 gold pieces.

Inventory:

Missiles
 c - 5 large rocks (quivered)
 e - 42 stones
 j - 12 poisoned darts
 k - 3 boomerangs
Armour
 h - a +1 cloak (worn)
 o - a +0 robe (worn)
Scrolls
 a - a scroll of enchant armour
 i - a scroll of amnesia {unknown}
 n - a scroll of silence {unknown}
 p - a scroll of fear {unknown}
Potions
 b - a potion of flight
 f - a potion of might {unknown}
 g - a potion of ambrosia {unknown}
 l - 4 potions of curing {unknown}
 m - a potion of heal wounds {unknown}


   Skills:
 - Level 1.5 Fighting
 - Level 3.6 Throwing
 - Level 1.5 Dodging
 - Level 0.3 Stealth
 + Level 6.5 Unarmed Combat


You had 3 spell levels left.
You knew the following spells:

 Your Spells              Type           Power      Damage    Failure   Level
k - Blink                 Tloc           N/A        N/A       56%         2

Your spell library contained the following spells:

 Spells                   Type           Power      Damage    Failure   Level
 Magic Dart               Conj           0%         1d3       43%         1
 Call Imp                 Summ           0%         N/A       56%         2
 Slow                     Hex            0%         N/A       56%         2
 Conjure Flame            Conj/Fire      0%         6-21      80%         3
 Mephitic Cloud           Conj/Pois/Air  0%         N/A       80%         3


Dungeon Overview and Level Annotations

Branches:
Dungeon (4/15)              Sewer (visited)
 Temple: D:4-7

Altars:
Nemelex Xobeh
Yredelemnul


Innate Abilities, Weirdness & Mutations

You are too large for most types of armour.
You have claws for hands.
Your natural rate of healing is unusually fast.
You are covered in fur. (AC +1)
You have tough skin. (AC +1)


Message History

The killer bee struggles against the net. x2
Throw: throwing net
Press: ? - help, Q - select action, (/) - cycle Shift-Dir - straight line, f/p - killer bee
Aim: a killer bee (entangled in a net, 61% to hit)
You throw a throwing net. The throwing net hits the killer bee.
You feel sick.
You are no longer poisoned.
The killer bee struggles against the net.
Unknown command.
The killer bee struggles against the net.
The net rips apart, and the killer bee comes free!
The killer bee stings you. x2
The killer bee closely misses you.
The killer bee stings you but does no damage.
The killer bee closely misses you. The killer bee stings you.
You are poisoned.
The killer bee poisons you!
You feel very sick. The killer bee barely misses you.
You see here a killer bee corpse.
You feel sick. The killer bee stings you!
* * * LOW HITPOINT WARNING * * *
You are more poisoned.
The killer bee poisons you! The killer bee barely misses you.
You feel very sick. The killer bee stings you.
* * * LOW HITPOINT WARNING * * *
You are lethally poisoned!
The killer bee poisons you!
* * * LOW HITPOINT WARNING * * *
You feel very sick.
The killer bee stings you but does no damage.
It was a potion of flight.
You feel very buoyant.
You fly up into the air.
* * * LOW HITPOINT WARNING * * *
You feel very sick. The killer bee stings you.
You die...

### #.###### #.....<#
#.###### #.# #@# #y#
##### #y# #...# ####y#
#...####
###...y#########.......
#.........(............
#.#.####.###...........
#.#............)..†(...
#.######..).........(..


You could see 4 killer bees.

Vanquished Creatures
  A black bear (D:4)
  A kobold brigand (Sewer)
  A killer bee (D:4)
  A jelly (D:4)
  A bullfrog skeleton (D:4)
  Jessica (D:2)
  An adder (D:2)
  A river rat (Sewer)
  A dart slug (D:1)
  2 orcs (D:3)
  4 ball pythons
  4 bats
  6 endoplasms
  2 giant cockroaches
  3 goblins
  5 hobgoblins
  2 jackals (Sewer)
  4 quokkas
  A frilled lizard (D:1)
  11 kobolds
  7 rats
60 creatures vanquished.

Notes
Turn   | Place    | Note
-------+----------+-------------------------------------------
     0 | D:1      | porpoise the Troll Hunter began the quest for the Orb.
     0 | D:1      | Reached XP level 1. HP: 19/19 MP: 0/0
   112 | D:1      | Reached skill level 1 in Unarmed Combat
   269 | D:1      | Reached XP level 2. HP: 21/27 MP: 1/1
   493 | D:1      | Reached skill level 2 in Unarmed Combat
   631 | D:1      | Found a faded altar of an unknown god.
  1106 | D:2      | Found a basalt altar of Yredelemnul.
  1261 | D:2      | Reached XP level 3. HP: 33/33 MP: 2/2
  1314 | D:2      | Reached skill level 3 in Unarmed Combat
  1530 | D:2      | Noticed Jessica
  1533 | D:2      | Killed Jessica
  1534 | D:2      | Reached XP level 4. HP: 41/41 MP: 3/3
  1873 | D:3      | Found a glowing drain.
  1913 | Sewer    | Entered a sewer
  1930 | Sewer    | Reached skill level 4 in Unarmed Combat
  1988 | Sewer    | Noticed a kobold brigand
  2011 | Sewer    | Killed a kobold brigand
  2012 | Sewer    | Reached skill level 5 in Unarmed Combat
  2012 | Sewer    | Reached XP level 5. HP: 26/48 MP: 4/4
  2150 | Sewer    | Found a white marble altar of Elyvilon.
  2294 | D:3      | Learned a level 2 spell: Blink
  2424 | D:3      | Found a sparkling altar of Nemelex Xobeh.
  3045 | D:4      | Reached skill level 6 in Unarmed Combat
  3045 | D:4      | Reached XP level 6. HP: 31/55 MP: 5/5
  3129 | D:4      | HP: 1/55 [poisoned by a killer bee]
  3129 | D:4      | Slain by a killer bee

Illustrated notes

Levels and vault maps discovered:
D:1:      lemuel_arrival_muddy, layout_basic,
          shapermc_ecumenical_altar_mp_urbaneastern
D:2:      layout_basic, basic_altar, uniq_jessica
D:3:      wad_lake_hut, layout_basic, nemelex_dance_club_becter,
          portal_sewer_entry_f, hangedman_decor_points
D:4:      layout_basic, uniq_eustachio

Skill      XL: |  1  2  3  4  5 |
---------------+----------------+-----
Unarmed Combat | 1 2 3 5 6 |  6.5
Fighting       | |  1.5
Throwing       | |  3.6
Dodging        | |  1.5
Stealth        | |  0.3

Action                   |  1- 3 |  4- 6 || total
-------------------------+-------+-------++-------
Melee: Unarmed           |    62 |    83 ||   145
       Short sword       |     3 |       ||     3
       Punch             |       |     3 ||     3
Throw: Boomerang         |       |    17 ||    17
       Dart              |       |     8 ||     8
       Throwing net      |       |     2 ||     2
  Use: Scroll            |       |     3 ||     3
       Potion            |       |     1 ||     1
 Stab: Sleeping          |     3 |     2 ||     5
Armor: Robe              |    26 |    28 ||    54
Dodge: Dodged            |    21 |    41 ||    62

Table legend: (Time is in decaauts)
 A = Elapsed time spent in this place.
 B = Non-inter-level travel time spent in this place.
 C = Inter-level travel time spent in this place.
 D = Time resting spent in this place.
 E = Time spent auto-exploring this place.
 F = Levels seen in this place.
 G = Mean time per level.
                   A        B        C        D        E       F      G
               +--------+--------+--------+--------+--------+-----+--------+
         Total |   3202 |   3051 |    151 |    450 |   2104 |   5 |  640.4 |
       Dungeon |   2892 |   2741 |    151 |    330 |   1986 |   4 |  723.0 |
         Sewer |    310 |    310 |      0 |    120 |    118 |   1 |  310.0 |
               +--------+--------+--------+--------+--------+-----+--------+

Top non-repeatable levels by time:
     D:3: 1134 daAuts
     D:1: 1095 daAuts
     D:2: 534 daAuts
   Sewer: 310 daAuts
     D:4: 127 daAuts
